| TOP OF THE 1ST |
|
Americus Braves batting - Pitching for Amarillo ThunderHeads : RHP Rob Fisher
|
|
Pitching: RHP Rob Fisher
|
|
|
Batting: RHB Costantino Dolfini
|
0-0: Foul Ball, location: 2F 0-1: Swinging Strike 0-2: Foul Ball, location: 2F 0-2: Ball 1-2: Foul Ball, location: 2F 1-2: Strikes out looking
|
|
Batting: LHB Mitsujiro Tanaka
|
0-0: Ball 1-0: Ball 2-0: Ball 3-0: Called Strike 3-1: Base on Balls
|
|
Batting: SHB Karl Starnes
|
0-0: Foul Ball, location: 2F 0-1: Swinging Strike 0-2: Foul Ball, location: 2F 0-2: Foul Ball, location: 2F 0-2: Grounds out, U3 (Groundball, 3L, EV 80.6 MPH)
|
|
Batting: RHB Chris Trites
|
0-0: Called Strike 0-1: Called Strike 0-2: Ball 1-2: Ball 2-2: Ground out 5-3 (Groundball, 5, EV 91.2 MPH)
|
| Top of the 1st over - 0 runs, 0 hits, 0 errors, 1 left on base; Americus 0 - Amarillo 0 |
| BOTTOM OF THE 1ST |
|
Amarillo ThunderHeads batting - Pitching for Americus Braves : LHP Jose Geraldo
|
|
Pitching: LHP Jose Geraldo
|
|
|
Batting: SHB Zack Barton
|
0-0: Ball 1-0: Called Strike 1-1: Called Strike 1-2: Ground out 6-3 (Groundball, 4M, EV 80.6 MPH)
|
|
Batting: LHB Eddie Reyes
|
0-0: Called Strike 0-1: Ground out 1-3 (Groundball, 15S, EV 64.4 MPH)
|
|
Batting: RHB Jerry Foster
|
0-0: Ball 1-0: Foul Ball, location: 2F 1-1: Ball 2-1: SINGLE (Line Drive, 56D, EV 102.5 MPH)
|
|
Batting: RHB Elias Sagrero
|
0-0: Ball 1-0: Ball 2-0: Ball 3-0: Called Strike 3-1: Called Strike 3-2: Strikes out swinging
|
| Bottom of the 1st over - 0 runs, 1 hit, 0 errors, 1 left on base; Americus 0 - Amarillo 0 |
| TOP OF THE 2ND |
|
Americus Braves batting - Pitching for Amarillo ThunderHeads : RHP Rob Fisher
|
|
Batting: RHB Manny Hensley
|
0-0: Ball 1-0: Ball 2-0: Ball 3-0: Called Strike 3-1: Base on Balls
|
|
Batting: RHB Curtis Montgomery
|
0-0: Ball 1-0: Called Strike 1-1: Ball 2-1: Fly out, F8 (Flyball, 8LM, EV 74.4 MPH)
|
|
Batting: RHB Yutaka Yamane
|
0-0: Ball 1-0: Ball 2-0: Fly out, F9 (Flyball, 9S, EV 97.5 MPH)
|
|
Batting: RHB Roberto Rios
|
0-0: Called Strike 0-1: Ball 1-1: Swinging Strike 1-2: Foul Ball, location: 2F 1-2: Strikes out swinging
|
| Top of the 2nd over - 0 runs, 0 hits, 0 errors, 1 left on base; Americus 0 - Amarillo 0 |
| BOTTOM OF THE 2ND |
|
Amarillo ThunderHeads batting - Pitching for Americus Braves : LHP Jose Geraldo
|
|
Batting: RHB Eric Camillo
|
0-0: Swinging Strike 0-1: Ball 1-1: Ball 2-1: Called Strike 2-2: DOUBLE (Groundball, 5L, EV 95.6 MPH)
|
|
Batting: LHB Santino Pisanello
|
0-0: Called Strike 0-1: 2-RUN HOME RUN (Flyball, 9D, EV 93.8 MPH), Distance : 370 ft
|
|
Batting: RHB Sam Voss
|
0-0: Foul Ball, location: 2F 0-1: Swinging Strike 0-2: Strikes out looking
|
|
Batting: RHB Josh Shoemaker
|
0-0: Swinging Strike 0-1: Foul Ball, location: 2F 0-2: Ball 1-2: Ball 2-2: Strikes out looking
|
|
Batting: SHB Tyler Romo
|
0-0: Ball 1-0: Ball 2-0: Ball 3-0: Base on Balls
|
|
Batting: SHB Zack Barton
|
0-0: Called Strike 0-1: Ball 1-1: Ball 2-1: Ball 3-1: Fly out, F8 (Flyball, 8RM, EV 88.8 MPH)
|
| Bottom of the 2nd over - 2 runs, 2 hits, 0 errors, 1 left on base; Americus 0 - Amarillo 2 |
| TOP OF THE 3RD |
|
Americus Braves batting - Pitching for Amarillo ThunderHeads : RHP Rob Fisher
|
|
Batting: RHB Bart Stevensdick
|
0-0: Ball 1-0: Swinging Strike 1-1: Ball 2-1: Called Strike 2-2: Ball 3-2: Foul Ball, location: 2F 3-2: Hit by Pitch
|
|
Batting: RHB Costantino Dolfini
|
0-0: Swinging Strike 0-1: Swinging Strike 0-2: Foul Ball, location: 2F 0-2: Foul Ball, location: 2F 0-2: Foul Ball, location: 2F 0-2: Ball 1-2: Grounds into double play, 5-4-3 (Groundball, 56S, EV 86.2 MPH)
|
|
Batting: LHB Mitsujiro Tanaka
|
0-0: SINGLE (Line Drive, 7S, EV 100.0 MPH)
|
|
Batting: SHB Karl Starnes
|
0-0: Ball 1-0: Ball 2-0: Called Strike 2-1: Ball 3-1: Swinging Strike 3-2: Foul Ball, location: 2F 3-2: Foul Ball, location: 2F 3-2: Base on Balls Mitsujiro Tanaka to second
|
|
Batting: RHB Chris Trites
|
0-0: Called Strike 0-1: Called Strike 0-2: Foul Ball, location: 2F 0-2: Strikes out swinging
|
| Top of the 3rd over - 0 runs, 1 hit, 0 errors, 2 left on base; Americus 0 - Amarillo 2 |
| BOTTOM OF THE 3RD |
|
Amarillo ThunderHeads batting - Pitching for Americus Braves : LHP Jose Geraldo
|
|
Batting: LHB Eddie Reyes
|
0-0: Called Strike 0-1: Ground out 5-3 (Groundball, 56, EV 96.9 MPH)
|
|
Batting: RHB Jerry Foster
|
0-0: Ball 1-0: Fly out, F7 (Flyball, 7LD, EV 95.0 MPH)
|
|
Batting: RHB Elias Sagrero
|
0-0: Swinging Strike 0-1: SINGLE (Line Drive, 6MD, EV 99.4 MPH)
|
|
Batting: RHB Eric Camillo
|
0-0: Ball Elias Sagrero is caught stealing 2nd base 2-4
|
| Bottom of the 3rd over - 0 runs, 1 hit, 0 errors, 0 left on base; Americus 0 - Amarillo 2 |
| TOP OF THE 4TH |
|
Americus Braves batting - Pitching for Amarillo ThunderHeads : RHP Rob Fisher
|
|
Batting: RHB Manny Hensley
|
0-0: Called Strike 0-1: Called Strike 0-2: Ball 1-2: SINGLE (Flyball, 34D, EV 93.1 MPH)
|
|
Batting: RHB Curtis Montgomery
|
0-0: Ball Manny Hensley steals 2nd base 1-0: Called Strike 1-1: Ball 2-1: Fly out, F8 (Flyball, 8RS, EV 88.1 MPH)
|
|
Batting: RHB Yutaka Yamane
|
0-0: Ball Manny Hensley is caught stealing 3rd base 2-5 1-0: Foul Ball, location: 2F 1-1: Ball 2-1: Ground out U3 (Groundball, 34, EV 86.9 MPH)
|
| Top of the 4th over - 0 runs, 1 hit, 0 errors, 0 left on base; Americus 0 - Amarillo 2 |
| BOTTOM OF THE 4TH |
|
Amarillo ThunderHeads batting - Pitching for Americus Braves : LHP Jose Geraldo
|
|
Batting: RHB Eric Camillo
|
0-0: Ball 1-0: Ground out 5-3 (Groundball, 56S, EV 63.8 MPH)
|
|
Batting: LHB Santino Pisanello
|
0-0: Called Strike 0-1: Ball 1-1: Foul Ball, location: 2F 1-2: Single, Error in OF, E8, batter to second base (Line Drive, 4D, EV 95.6 MPH)
|
|
Batting: RHB Sam Voss
|
0-0: Ball 1-0: Called Strike 1-1: Ball 2-1: Ball 3-1: Called Strike 3-2: SINGLE (Groundball, 6MD, EV 101.2 MPH) Santino Pisanello to third Runner from 3rd tries for Home, SAFE, throw by CF to home Sam Voss to second
|
|
Batting: RHB Josh Shoemaker
|
0-0: Ball 1-0: SINGLE (Groundball, 56D, EV 94.4 MPH) Sam Voss to third Runner from 3rd tries for Home, SAFE, throw by LF to home
|
|
Batting: SHB Tyler Romo
|
0-0: Swinging Strike 0-1: Ball 1-1: Foul Ball, location: 2F Pickoff Throw to First - Out! 1-3 CS 1-2: Foul Ball, location: 2F 1-2: Ball 2-2: Ground out U3 (Groundball, 34, EV 104.4 MPH)
|
| Bottom of the 4th over - 2 runs, 3 hits, 1 error, 0 left on base; Americus 0 - Amarillo 4 |
| TOP OF THE 5TH |
|
Americus Braves batting - Pitching for Amarillo ThunderHeads : RHP Rob Fisher
|
|
Batting: RHB Roberto Rios
|
0-0: Called Strike 0-1: TRIPLE (Flyball, 78XD, EV 101.2 MPH)
|
|
Batting: RHB Bart Stevensdick
|
0-0: Foul Ball, location: 2F 0-1: Fly out, F9 (Flyball, 89M, EV 75.6 MPH) Runner from 3rd tags up, OUT at HOME! 9-2
|
|
Batting: RHB Costantino Dolfini
|
0-0: Ball 1-0: Ball 2-0: Fly out, F7 (Line Drive, 7D, EV 98.8 MPH)
|
| Top of the 5th over - 0 runs, 1 hit, 0 errors, 0 left on base; Americus 0 - Amarillo 4 |
| BOTTOM OF THE 5TH |
|
Amarillo ThunderHeads batting - Pitching for Americus Braves : LHP Jose Geraldo
|
|
Batting: SHB Zack Barton
|
0-0: Ball 1-0: Ground out 6-3 (Groundball, 6, EV 100.6 MPH)
|
|
Batting: LHB Eddie Reyes
|
0-0: Ball 1-0: Foul Ball, location: 2F 1-1: Foul Ball, location: 2F 1-2: Ball 2-2: Ball 3-2: Ground out U3 (Groundball, 3, EV 107.5 MPH)
|
|
Batting: RHB Jerry Foster
|
0-0: Ball 1-0: Swinging Strike 1-1: Ground out 5-3 (Groundball, 56, EV 103.8 MPH)
|
| Bottom of the 5th over - 0 runs, 0 hits, 0 errors, 0 left on base; Americus 0 - Amarillo 4 |
| TOP OF THE 6TH |
|
Americus Braves batting - Pitching for Amarillo ThunderHeads : RHP Rob Fisher
|
|
Batting: LHB Mitsujiro Tanaka
|
0-0: Called Strike 0-1: Ball 1-1: Ball 2-1: Ball 3-1: Foul Ball, location: 2F 3-2: Base on Balls
|
|
Batting: SHB Karl Starnes
|
0-0: Called Strike 0-1: Ball 1-1: Foul Ball, location: 2F 1-2: Fly out, F7 (Flyball, 78S, EV 90.6 MPH)
|
|
Batting: RHB Chris Trites
|
0-0: Ball Passed Ball! Mitsujiro Tanaka to second 1-0: Ground out 6-3 (Groundball, 6M, EV 86.2 MPH) Mitsujiro Tanaka to third
|
|
Batting: RHB Manny Hensley
|
0-0: Called Strike 0-1: SINGLE (Line Drive, 4MD, EV 108.1 MPH) Mitsujiro Tanaka scores
|
|
Batting: RHB Curtis Montgomery
|
0-0: SINGLE (Groundball, 56D, EV 104.4 MPH) Manny Hensley to second
|
|
Batting: RHB Yutaka Yamane
|
0-0: Ball Wild Pitch! Manny Hensley to third Curtis Montgomery to second 1-0: Called Strike 1-1: Ball Wild Pitch! Manny Hensley scores Curtis Montgomery to third 2-1: SINGLE (Line Drive, 34D, EV 107.5 MPH) Curtis Montgomery scores
|
|
Pitching: LHP Matt Hawk
|
|
|
Batting: RHB Roberto Rios
|
0-0: Ball Passed Ball! Yutaka Yamane to second 1-0: SINGLE (Line Drive, 8RS, EV 88.1 MPH) Yutaka Yamane to third Throwing error, E8 Yutaka Yamane scores Roberto Rios to second
|
|
Batting: RHB Bart Stevensdick
|
0-0: Swinging Strike 0-1: Ball Passed Ball! Roberto Rios to third 1-1: Called Strike 1-2: Foul Ball, location: 2F 1-2: Ground out 4-3 (Groundball, 4, EV 90.0 MPH)
|
| Top of the 6th over - 4 runs, 4 hits, 1 error, 1 left on base; Americus 4 - Amarillo 4 |
| BOTTOM OF THE 6TH |
|
Amarillo ThunderHeads batting - Pitching for Americus Braves : LHP Jose Geraldo
|
|
Batting: RHB Elias Sagrero
|
0-0: Ball 1-0: Swinging Strike 1-1: Ball 2-1: Foul Ball, location: 2F 2-2: Foul Ball, location: 2F 2-2: Ground out 6-3 (Groundball, 6, EV 85.0 MPH)
|
|
Batting: RHB Eric Camillo
|
0-0: Ball 1-0: SOLO HOME RUN (Flyball, 78XD, EV 99.4 MPH), Distance : 405 ft
|
|
Pitching: RHP Orlando Mosqueda
|
|
|
Batting: LHB Santino Pisanello
|
0-0: Called Strike 0-1: Called Strike 0-2: Foul Ball, location: 2F 0-2: Strikes out looking
|
|
Batting: RHB Sam Voss
|
0-0: Foul Ball, location: 2F 0-1: Called Strike 0-2: Ball 1-2: Strikes out looking
|
| Bottom of the 6th over - 1 run, 1 hit, 0 errors, 0 left on base; Americus 4 - Amarillo 5 |
| TOP OF THE 7TH |
|
Americus Braves batting - Pitching for Amarillo ThunderHeads : LHP Matt Hawk
|
|
Batting: RHB Costantino Dolfini
|
0-0: DOUBLE (Line Drive, 89D, EV 101.9 MPH)
|
|
Batting: LHB Mitsujiro Tanaka
|
0-0: Ball 1-0: Ball 2-0: Fly out, F7 (Flyball, 7LS, EV 91.2 MPH)
|
|
Batting: SHB Karl Starnes
|
0-0: Ground out U3 (Groundball, 3, EV 79.4 MPH) Costantino Dolfini to third
|
|
Batting: RHB Chris Trites
|
0-0: Called Strike 0-1: Foul Ball, location: 2F 0-2: Ball 1-2: Foul Ball, location: 2F 1-2: Ball Wild Pitch! Costantino Dolfini scores 2-2: Ball 3-2: SINGLE (Line Drive, 4MD, EV 97.5 MPH)
|
|
Batting: RHB Manny Hensley
|
0-0: Ball 1-0: Foul Ball, location: 2F 1-1: Swinging Strike 1-2: Strikes out swinging
|
| Top of the 7th over - 1 run, 2 hits, 0 errors, 1 left on base; Americus 5 - Amarillo 5 |
| BOTTOM OF THE 7TH |
|
Amarillo ThunderHeads batting - Pitching for Americus Braves : RHP Orlando Mosqueda
|
|
Batting: RHB Josh Shoemaker
|
0-0: Called Strike 0-1: Swinging Strike 0-2: Ground out 6-3 (Groundball, 6, EV 88.1 MPH)
|
|
Batting: SHB Tyler Romo
|
0-0: Foul Ball, location: 2F 0-1: Ball 1-1: Foul Ball, location: 2F 1-2: Ball 2-2: Strikes out swinging
|
|
Batting: SHB Zack Barton
|
0-0: Ball 1-0: Ball 2-0: Ball 3-0: Base on Balls
|
|
Batting: LHB Eddie Reyes
|
0-0: Ball 1-0: Foul Ball, location: 2F 1-1: Foul Ball, location: 2F 1-2: Ball 2-2: Ball 3-2: Fly out, F5 (Popup, 56, EV 63.1 MPH)
|
| Bottom of the 7th over - 0 runs, 0 hits, 0 errors, 1 left on base; Americus 5 - Amarillo 5 |
| TOP OF THE 8TH |
|
Americus Braves batting - Pitching for Amarillo ThunderHeads : LHP Matt Hawk
|
|
Batting: RHB Curtis Montgomery
|
0-0: Ball 1-0: Called Strike 1-1: Swinging Strike 1-2: Foul Ball, location: 2F 1-2: Ball 2-2: Ball 3-2: Strikes out looking
|
|
Batting: RHB Yutaka Yamane
|
0-0: Swinging Strike 0-1: Swinging Strike 0-2: Strikes out swinging
|
|
Batting: RHB Roberto Rios
|
0-0: Fly out, F8 (Flyball, 89S, EV 93.8 MPH)
|
| Top of the 8th over - 0 runs, 0 hits, 0 errors, 0 left on base; Americus 5 - Amarillo 5 |
| BOTTOM OF THE 8TH |
|
Amarillo ThunderHeads batting - Pitching for Americus Braves : RHP Orlando Mosqueda
|
|
Batting: RHB Jerry Foster
|
0-0: Called Strike 0-1: Ball 1-1: Foul Ball, location: 2F 1-2: Ground out U3 (Groundball, 34, EV 106.9 MPH)
|
|
Batting: RHB Elias Sagrero
|
0-0: Called Strike 0-1: Ball 1-1: Called Strike 1-2: Ball 2-2: Strikes out swinging
|
|
Batting: RHB Eric Camillo
|
0-0: Fly out, F7 (Flyball, 78M, EV 85.0 MPH)
|
| Bottom of the 8th over - 0 runs, 0 hits, 0 errors, 0 left on base; Americus 5 - Amarillo 5 |
| TOP OF THE 9TH |
|
Americus Braves batting - Pitching for Amarillo ThunderHeads : LHP Matt Hawk
|
|
Pitching: RHP Jason McCaw
|
|
|
Pinch Hitting: LHB Jason Herr
|
0-0: Ball 1-0: Foul Ball, location: 2F 1-1: Foul Ball, location: 2F 1-2: SINGLE (Groundball, 34D, EV 102.5 MPH)
|
|
Pinch Runner at 1st Carlos Livas:
|
|
|
Batting: RHB Costantino Dolfini
|
0-0: Ball Carlos Livas steals 2nd base 1-0: Ball 2-0: Ground out 5-3 (Groundball, 15, EV 81.2 MPH)
|
|
Batting: LHB Mitsujiro Tanaka
|
0-0: Ball 1-0: Ball Wild Pitch! Carlos Livas to third 2-0: Foul Ball, location: 2F 2-1: Ball Passed Ball! Carlos Livas scores 3-1: Reached on error, E4 (Groundball, 34D, EV 102.5 MPH)
|
|
Batting: SHB Karl Starnes
|
0-0: Called Strike 0-1: SINGLE (Groundball, 4MS, EV 66.2 MPH) (infield hit) Mitsujiro Tanaka to second
|
|
Batting: RHB Chris Trites
|
0-0: Foul Ball, location: 2F 0-1: Grounds into double play, 6-4-3 (Groundball, 6, EV 103.8 MPH)
|
| Top of the 9th over - 1 run, 2 hits, 1 error, 1 left on base; Americus 6 - Amarillo 5 |
| BOTTOM OF THE 9TH |
|
Amarillo ThunderHeads batting - Pitching for Americus Braves : RHP Orlando Mosqueda
|
|
Pitching: RHP Kareem Linz
|
|
|
Now at SS: Paul Holland
|
|
|
Batting: LHB Santino Pisanello
|
0-0: Foul Ball, location: 2F 0-1: Ground out 6-3 (Groundball, 6M, EV 89.4 MPH)
|
|
Batting: RHB Sam Voss
|
0-0: Ball 1-0: Ball 2-0: Foul Ball, location: 2F 2-1: Ground out 5-3 (Groundball, 5S, EV 81.9 MPH)
|
|
Batting: RHB Josh Shoemaker
|
0-0: Ball 1-0: Ball 2-0: Ball 3-0: Base on Balls
|
|
Pinch Hitting: RHB Bill Flannery
|
0-0: Called Strike 0-1: Foul Ball, location: 2F 0-2: Ball 1-2: Ball 2-2: Ball 3-2: Base on Balls Josh Shoemaker to second
|
|
Batting: SHB Zack Barton
|
0-0: Ball 1-0: Ball 2-0: Fly out, F7 (Flyball, 78M, EV 93.8 MPH)
|
| Bottom of the 9th over - 0 runs, 0 hits, 0 errors, 2 left on base; Americus 6 - Amarillo 5 |
|